 Dungeon Crawl Stone Soup version 0.20-a0-540-ge6d1839 (webtiles) character file.

109 Minion the Bolt Thrower (level 4, -2/36 HPs)
             Began as a Draconian Hunter on Jan 30, 2017.
             Killed by nerve-wracking pain
             ... invoked by an orc priest
              (8 damage)
             ... on level 3 of the Dungeon.
             The game lasted 00:06:31 (2056 turns).

Minion the Bolt Thrower (Draconian Hunter)          Turns: 2056, Time: 00:06:32

Health: -2/36      AC:  7    Str: 15    XL:     4   Next: 59%
Magic:  0/4        EV: 12    Int: 11    God:
Gold:   218        SH:  0    Dex: 12    Spells: 3/3 levels left

rFire    . . .     SeeInvis .   r - +0 falchion
rCold    . . .     Gourm    .   (armour unavailable)
rNeg     . . .     Faith    .   (no shield)
rPois    .         Spirit   +   v - +1 hat
rElec    .         Reflect  .   (no cloak)
rCorr    .         Harm     .   u - +0 pair of gloves
MR       .....                  (no boots)
Stlth    +.........             p - amulet of guardian spirit
Regen    0.2/turn               (no ring)
                                (no ring)

@: no status effects
A: unfitting armour, cold-blooded, AC +5
a: no special abilities


You were on level 3 of the Dungeon.
You were not hungry.

You visited 1 branch of the dungeon, and saw 3 of its levels.

You collected 218 gold pieces.

Inventory:

Hand Weapons
 a - a +1 hand crossbow
 b - a +0 short sword
 r - a +0 falchion (weapon)
Armour
 u - a +0 pair of gloves (worn)
 v - a +1 hat (worn)
Jewellery
 p - an amulet of guardian spirit (around neck)
Scrolls
 e - a scroll of recharging {unknown}
 f - 4 scrolls of identify {unknown}
 h - 2 scrolls of noise {unknown}
 i - a scroll of amnesia {unknown}
 s - a scroll of teleportation {unknown}
 t - 2 scrolls of remove curse {unknown}
Potions
 g - 3 potions of berserk rage {unknown}
 j - a potion of heal wounds {unknown}
 k - 2 potions of lignification {unknown}
 l - a potion of magic {unknown}
 m - a potion of brilliance {unknown}
 o - 2 potions of might {unknown}
Comestibles
 d - 7 bread rations
 n - 3 fruits
 q - 3 meat rations


   Skills:
 - Level 2.1 Fighting
 + Level 1.5 Long Blades
 - Level 5.2 Crossbows
 - Level 1.7 Dodging
 - Level 0.8 Stealth


You had 3 spell levels left.
You didn't know any spells.

Dungeon Overview and Level Annotations

Branches:
Dungeon (3/15)

Altars:


Innate Abilities, Weirdness & Mutations

Your plain brown scales are hard. (AC +5)
You cannot fit into any form of body armour.
You are cold-blooded and may be slowed by cold attacks.


Message History

The orc priest is moderately wounded.
The orc priest completely misses you.
You hit the orc priest but do no damage.
The orc priest is moderately wounded.
The orc priest hits you with a flail.
You hit the orc priest.
The orc priest is heavily wounded.
The orc priest hits you with a flail.
You barely miss the orc priest.
The orc priest is heavily wounded.
The orc priest hits you with a flail!
* * * LOW HITPOINT WARNING * * *
You closely miss the orc priest.
The orc priest is heavily wounded.
The orc priest looks braver for a moment.
You closely miss the orc priest.
The orc priest is heavily wounded.
The orc priest mumbles some strange prayers to Beogh against you.
Pain shoots through your body!
You die...

#.# #.# #.# # #.#
### # ..##### #
... ..# # #. #.#
#.# # .#...###.#
#.# # ((((.wo@.#
#.# # .....###.#
#.# # .##
#.###.### #
#.......#
#..##.#.###
........##.#...##
...####.##......#
. #.##......#
#.###.....#


You could see a worm and an orc priest.

Vanquished Creatures
  4 adders
  An ooze (D:2)
  2 dart slugs
  7 orcs
  2 ball pythons
  5 bats
  5 giant cockroaches
  7 goblins
  7 hobgoblins
  2 jackals (D:2)
  A quokka (D:3)
  2 frilled lizards
  4 kobolds
  4 rats
53 creatures vanquished.

Notes
Turn   | Place    | Note
-------+----------+-------------------------------------------
     0 | D:1      | Minion the Draconian Hunter began the quest for the Orb.
     0 | D:1      | Reached XP level 1. HP: 17/17 MP: 1/1
     1 | D:1      | Noticed an electric eel
    90 | D:1      | Reached skill level 4 in Crossbows
   177 | D:1      | Reached XP level 2. HP: 24/24 MP: 2/2
   662 | D:2      | Reached XP level 3. HP: 29/29 MP: 3/3
  1017 | D:2      | Reached skill level 5 in Crossbows
  1308 | D:2      | Reached XP level 4. HP: 35/36 MP: 4/4
  1610 | D:3      | Reached skill level 1 in Long Blades
  2056 | D:3      | Killed from afar by an orc priest

Vault maps used:
D:1:      arrival_aquarium_a

Skill      XL: |  1  2  3  4 |
---------------+-------------+-----
Crossbows      | 4 5 |  5.2
Long Blades    | 1 |  1.5
Fighting       | |  2.1
Dodging        | |  1.7
Stealth        | |  0.8

Action                   |  1- 3 |  4- 6 || total
-------------------------+-------+-------++-------
Melee: Falchion          |       |    25 ||    25
       Hand crossbow     |       |     5 ||     5
       Tailslap          |       |     5 ||     5
 Fire: Hand crossbow     |    75 |    16 ||    91
  Eat: Chunk             |     1 |     2 ||     3
Armor: Skin              |     9 |     8 ||    17
Dodge: Dodged            |    17 |    26 ||    43
       Rpst.: Falchion   |       |     5 ||     5
